Selects Airborne Battlegroup
Selects Heavy Machine Gun Paradrop
Heavy Machine Gun Paradrop
Selects Paratrooper Squad Paradrop
Paratrooper Squad Paradrop
Paratrooper Squad Paradrop
Construct Medical Station
Selects Anti-tank Gun Team Paradrop
Anti-tank Gun Team Paradrop
Paratrooper Squad Paradrop
Construct Weapon Support Center
Paratrooper Squad Paradrop
Selects Paradrop Reinforcements
Anti-tank Gun Team Paradrop
Selects Carpet Bombing Run
Paratrooper Squad Paradrop
Improved M9 Bazooka Rockets
M18 Hellcat Tank Destroyer
M18 Hellcat Tank Destroyer
Heavy Machine Gun Paradrop
M18 Hellcat Tank Destroyer